 Dungeon Crawl Stone Soup version 0.26-a0-631-ged93497179 (webtiles) character file.

Game seed: 12603066465632080593

32 Peloso the Skirmisher (level 3, 33/33 HPs)
             Began as a Palentonga Fighter on Sept 12, 2020.
             Got out of the dungeon alive.
             The game lasted 00:04:05 (943 turns).

Peloso the Skirmisher (Palentonga Fighter)           Turns: 943, Time: 00:04:05

Health: 33/33      AC:  6    Str: 20    XL:     3   Next: 10%
Magic:  3/3        EV:  5    Int:  8    God:
Gold:   26         SH:  8    Dex:  9    Spells: 2/2 levels left

rFire    . . .     SeeInvis +   a - +0 long sword
rCold    . . .     Faith    .   c - +0 kite shield
rNeg     . . .     Spirit   .   b - +0 scale mail
rPois    +         Reflect  .   (no helmet)
rElec    .         Harm     .   k - scarf {+Inv}
rCorr    .         Rampage  .   (no gloves)
MR       .....                  (no barding)
Stlth    ..........             (no amulet)
HPRegen  0.11/turn              m - ring of poison resistance
MPRegen  0.08/turn              (no ring)

@: no status effects
A: large, rugged brown scales 3, see invisible, deformed body, roll, armoured
tail
a: Rolling Charge, Evoke Invisibility


You escaped.
You visited 1 branch of the dungeon, and saw 2 of its levels.

You collected 26 gold pieces.

Inventory:

Hand Weapons
 a - a +0 long sword (weapon)
Missiles
 l - 19 bolts
Armour
 b - a +0 scale mail (worn)
 c - a +0 kite shield (worn)
 k - a scarf of invisibility (worn)
Jewellery
 m - a ring of poison resistance (left hand)
Scrolls
 e - 2 scrolls of enchant armour {unknown}
 f - a scroll of remove curse {unknown}
 g - 3 scrolls of identify {unknown}
 i - a scroll of teleportation {unknown}
Potions
 d - a potion of might
 h - a potion of curing {unknown}
 j - a potion of magic {unknown}


   Skills:
 + Level 3.2 Fighting
 + Level 2.3 Long Blades
 + Level 2.9 Armour
 + Level 0.3 Dodging
 + Level 2.6 Shields


You had 2 spell levels left.
You didn't know any spells.
Your spell library was empty.

Dungeon Overview and Level Annotations

Branches:
Dungeon (2/15)

Altars:


Innate Abilities, Weirdness & Mutations

You are completely covered in rugged brown scales. (AC +3, +7% HP)
You have supernaturally acute eyesight. (SInv)
Armour fits poorly on your strangely shaped body.
You can roll at foes to attack.
You have a long armoured tail.


Message History

The goblin is moderately wounded.
The goblin hits you but does no damage.
A dart slug comes into view.
You barely miss the goblin.
Your tail-slap misses the goblin.
The goblin is moderately wounded.
You block the goblin's attack. x2
You slash the goblin!
You kill the goblin!
Things that are here:
a +0 dagger; a goblin corpse You hit the dart slug.
You tail-slap the dart slug!
You kill the dart slug!
(D) Dungeon
Where to? (Enter - D:1 @ (x,y), ? - help)
There is a stone staircase leading up here.
You climb upwards.
There is a stone staircase leading down here.
There is a staircase leading out of the dungeon here.
Are you sure you want to leave the Dungeon?
This will make you lose the game!
You have escaped!

####### ##.....##
#########.#####.##
........#.8≈8≈8..#
.######...≈≈≈≈≈.@#
.# ###.8≈8≈8..# .#
#.#####.## .#
##.....## .#
####### .# .# .#
.#


There were no monsters in sight!

Vanquished Creatures
  An ooze (D:2)
  A dart slug (D:2)
  5 bats (D:1)
  A giant cockroach (D:1)
  4 goblins
  A hobgoblin (D:2)
  3 jackals (D:1)
  A ball python (D:1)
  2 frilled lizards (D:1)
  3 kobolds (D:1)
  4 rats (D:1)
26 creatures vanquished.

Notes
Turn   | Place    | Note
-------+----------+-------------------------------------------
     0 | D:1      | Peloso the Palentonga Fighter began the quest for the Orb.
     0 | D:1      | Reached XP level 1. HP: 20/20 MP: 1/1
   140 | D:1      | Reached XP level 2. HP: 27/27 MP: 2/2
   858 | D:2      | Reached XP level 3. HP: 33/33 MP: 3/3
   943 | D:$      | Got out of the dungeon alive.

Illustrated notes

Levels and vault maps discovered:
D:1:      lightli_arrival_statue_moat, layout_basic
D:2:      layout_loops_ring, uniq_crazy_yiuf_cottage

Action                   || total
-------------------------++-------
Melee: Long sword        ||    72
       Tailslap          ||    12
 Abil: Rolling Charge    ||     1
Armor: Scale mail        ||    53
Dodge: Dodged            ||    19
Block: Kite shield       ||    25
       Rpst.: Long sword ||     5

Table legend: (Time is in decaauts)
 A = Elapsed time spent in this place.
 B = Non-inter-level travel time spent in this place.
 C = Inter-level travel time spent in this place.
 D = Time resting spent in this place.
 E = Time spent auto-exploring this place.
 F = Levels seen in this place.
 G = Mean time per level.
                   A        B        C        D        E       F      G
               +--------+--------+--------+--------+--------+-----+--------+
         Total |    969 |    883 |     86 |      0 |    635 |   2 |  484.5 |
       Dungeon |    969 |    883 |     86 |      0 |    635 |   2 |  484.5 |
               +--------+--------+--------+--------+--------+-----+--------+

Top non-repeatable levels by time:
     D:1: 941 daAuts
     D:2: 28 daAuts
